 Dungeon Crawl Stone Soup version 0.28.0-1-gb440e238dd (webtiles) character file.

Game seed: 13302485445863481879

47 horus123 the Shooter (level 3, -1/23 HPs)
             Began as a Deep Elf Hunter on Feb 25, 2022.
             Slain by an adder (2 damage)
             ... on level 2 of the Dungeon.
             The game lasted 00:03:53 (1965 turns).

horus123 the Shooter (Deep Elf Hunter)              Turns: 1965, Time: 00:03:53

Health: -1/23      AC:  3    Str: 11    XL:     3   Next: 48%
Magic:  5/5        EV: 12    Int: 15    God:
Gold:   64         SH:  0    Dex: 15    Spells: 2/2 levels left

rFire   . . .      SeeInvis .   b - +0 short sword
rCold   . . .      Faith    .   (no shield)
rNeg    . . .      Spirit   .   c - +0 leather armour
rPois   .          Reflect  .   (no helmet)
rElec   .          Harm     .   (no cloak)
rCorr   .          Rampage  .   (no gloves)
Will    .....                   (no boots)
Stlth   ++........              (no amulet)
HPRegen 0.07/turn               (no ring)
MPRegen 0.09/turn               (no ring)

@: no status effects
A: no striking features
a: no special abilities


You were on level 2 of the Dungeon.
You visited 1 branch of the dungeon, and saw 2 of its levels.

You collected 64 gold pieces.

Inventory:

Hand Weapons
 a - a +1 shortbow of freezing
 b - a +0 short sword (weapon)
Armour
 c - a +0 leather armour (worn)


   Skills:
 + Level 3.2 Fighting
 - Level 5.3 Bows
 - Level 2.4 Dodging
 - Level 1.2 Stealth


You had 2 spell levels left.
You didn't know any spells.
Your spell library was empty.

Dungeon Overview and Level Annotations

Branches:
Dungeon (2/15)

Altars:


Message History

Unknown command.
You feel sick. The adder bites you.
You feel sick. The adder bites you but does no damage.
You feel sick.
You feel sick. The adder completely misses you.
You feel sick.
You are no longer poisoned.
You see here a dart slug corpse.
You aren't carrying any potions.
Unknown command.
You aren't carrying any potions.
Unknown command.
Your +1 shortbow of freezing stops glowing.
b - a +0 short sword (weapon)
The adder barely misses you.
You miss the adder. The adder misses you.
You hit the adder.
The adder is lightly wounded.
The adder barely misses you. The adder bites you.
You are poisoned.
The adder poisons you!
You closely miss the adder.
The adder is lightly wounded.
* * * LOW HITPOINT WARNING * * *
You feel sick. The adder closely misses you.
* * * LOW HITPOINT WARNING * * *
You feel sick. The adder barely misses you.
* * * LOW HITPOINT WARNING * * *
You feel sick.
* * * LOW HITPOINT WARNING * * *
You feel sick.
* * * LOW HITPOINT WARNING * * *
You feel sick. The adder bites you but does no damage.
* * * LOW HITPOINT WARNING * * *
You feel sick.
* * * LOW HITPOINT WARNING * * *
You feel sick.
You are no longer poisoned.
The adder bites you.
You die...

.#...........†..#########.#
#..≈⌠≈≈P⌠.####.#### ## #.#
#.(...b.P.# #.#.. .# #.#
#.≈.###.≈.# #.#.# .# #.#
#.⌠. #.⌠.####.#.###.# #.#
#(. #....#.........# #.# ##
.(.≈
#.≈..+....†....###'#####.
(..
..≈.##..S......##........
≈≈≈⌠.##..@.....###........
......##..........'........
#........###>.......
#........# ######...
#........# #... #........#
#... ..
###.###############. ...
#.# #............ .... #.#
#.#########..


You could see an adder.

Vanquished Creatures
  An adder (D:2)
  A worm (D:2)
  2 dart slugs
  2 ball pythons
  3 endoplasms (D:1)
  2 giant cockroaches
  4 hobgoblins
  2 kobolds
  2 quokkas (D:1)
  3 bats
  5 frilled lizards
  2 goblins
  2 rats (D:1)
31 creatures vanquished.

Vanquished Creatures (others)
  4 fungi (D:2)
  A plant (D:2)
5 creatures vanquished.

Grand Total: 36 creatures vanquished

Notes
Turn   | Place    | Note
-------+----------+-------------------------------------------
     0 | D:1      | horus123 the Deep Elf Hunter began the quest for the Orb.
     0 | D:1      | Reached XP level 1. HP: 12/12 MP: 3/3
   596 | D:1      | Reached XP level 2. HP: 17/17 MP: 4/4
  1346 | D:2      | Noticed a necrophage
  1693 | D:2      | Reached XP level 3. HP: 20/20 MP: 5/5
  1962 | D:2      | HP: 1/23 [poisoned by an adder]
  1965 | D:2      | Slain by an adder

Illustrated notes

Levels and vault maps discovered:
D:1:      giann_forest_graveyard, layout_basic, minmay_misc_feat_doors,
          st_stairs_7, minmay_domino_4
D:2:      layout_basic, shapermc_ecumenical_altar_acropolis,
          minmay_small_reverse_x

Skill      XL: |  1  2  3 |
---------------+----------+-----
Fighting       | 2 3 |  3.2
Bows           | |  5.3
Dodging        | |  2.4
Stealth        | |  1.2

Action                   || total
-------------------------++-------
Melee: Short sword       ||    18
 Fire: Shortbow          ||    79
  Use: Scroll            ||     5
       Potion            ||     1
Armor: Leather armour    ||     5
Dodge: Dodged            ||    34
